AoeStats
← Marbas

Arena

508027210Analyzed
1v1 RM · 11d ago on Sep 20, 2026· 37m 41s· 2 players
Game mode
Random Map
Map size
Tiny (2 player)
Population
200
Speed
Normal
Resources
Standard
Victory
Conquest
Starting age
Dark Age
Ending age
Imperial Age
RankedLock teamsTeams togetherTeam positionsShared explorationLock speedFull tech treeHidden civsTurbo modeCheats
Victory
Defeat
🇧🇬 Burgundians · Bulgaria
1661
+21
🇷🇺 Dravidians · Russia
1783
-21
Marbas
9:32 Feudal Age
10:13 Double-Bit Axe
11:25 Loom
15:22 Castle Age
17:55 Horse Collar
19:36 Fletching
28:09 Imperial Age
26:11 Bow Saw
27:54 Bodkin Arrow
28:21 Ballistics
27:23 Crossbowman
28:02 Gold Mining
29:11 Thumb Ring
30:18 Bracer
30:26 Thumb Ring
33:05 Chemistry
32:08 Padded Archer Armor
33:44 Leather Archer Armor
Bilbo Bagains
5:17 Double-Bit Axe
10:05 Feudal Age
13:57 Castle Age
11:57 Horse Collar
12:39 Gold Mining
13:58 Bow Saw
13:59 Light Cavalry
18:04 Loom
18:56 Wheelbarrow
18:48 Gold Mining
20:35 Redemption
23:12 Heavy Plow
26:06 Hand Cart
25:43 Town Watch
30:50 Imperial Age
28:48 Stone Mining
29:33 Gold Shaft Mining
29:14 Scale Barding Armor
28:38 Cavalier
29:18 Husbandry
30:50 Chain Barding Armor
31:24 Paladin
33:46 Plate Barding Armor
Connection lost

Rejoining the realm…

Still unreachable

The connection could not be restored.

Session expired

The server has moved on; the page needs a fresh start.